 Dungeon Crawl Stone Soup version 0.31-a0-263-ge8cad7f256 (webtiles) character file.

Game seed: 14642949505711438074

34 qw the Shooter (level 3, -6/29 HPs)
             Began as a Minotaur Hexslinger on July 13, 2023.
             Mangled by a gnoll
             ... wielding a +0 flail
              (9 damage)
             ... on level 1 of the Dungeon.
             The game lasted 00:00:20 (851 turns).

qw the Shooter (Minotaur Hexslinger)                 Turns: 851, Time: 00:00:21

Health: -6/29      AC:  2    Str: 12    XL:     3   Next: 14%
Magic:  3/3        EV: 12    Int: 10    God:
Gold:   46         SH:  0    Dex: 14    Spells: 3/4 levels left

rFire   . . .        Y - +1 sling
rCold   . . .        (no shield)
rNeg    . . .        c - +0 robe
rPois   .            (helmet restricted)
rElec   .            (no cloak)
rCorr   .            (no gloves)
SInv    .            (no boots)
Will    .....        (no amulet)
Stlth   +            (no ring)
HPRegen 0.24/turn    (no ring)
MPRegen 0.08/turn

%: no passive effects
@: no status effects
A: horns 2, retaliatory headbutt
a: no special abilities


You were on level 1 of the Dungeon.
You visited 1 branch of the dungeon, and saw 2 of its levels.

You collected 46 gold pieces.


Innate Abilities, Weirdness & Mutations

You have a pair of horns on your head.
You reflexively headbutt those who attack you in melee.


   Skills:
 - Level 2.0 Fighting
 + Level 3.7 Ranged Weapons
 - Level 2.1 Dodging
 - Level 1.0 Spellcasting
 - Level 2.0 Hexes


You had 3 spell levels left.
You knew the following spells:

 Your Spells              Type           Power      Damage    Failure   Level
a - Slow                  Hex            16%        N/A       16%         1

Your spell library contained the following spells:

 Spells                   Type           Power      Damage    Failure   Level
 Inner Flame              Hex/Fire       2%         N/A       56%         3
 Portal Projectile        Hex/Tloc       4%         N/A       56%         3
 Cause Fear               Hex            2%         N/A       83%         4

Inventory:

Hand Weapons
 Y - a +1 sling (weapon)
Armour
 c - a +0 robe (worn)
Potions
 d - a potion of curing {unknown}
 h - a potion of attraction {unknown}

Dungeon Overview and Level Annotations

Branches:
Dungeon (2/15)

Altars:


Message History

The gnoll shouts! x2
You shoot a sling bullet.
The sling bullet closely misses the kobold.
The kobold closely misses you.
You shoot a sling bullet.
The sling bullet closely misses the kobold.
The bat barely misses you. You furiously retaliate!
You headbutt the bat. The bat barely misses you.
The kobold hits you with a +0 short sword.
A giant cockroach comes into view.
You shoot a sling bullet. The sling bullet misses the bat.
The bat hits you but does no damage. The kobold barely misses you.
You shoot a sling bullet.
The sling bullet hits the bat but does no damage.
The bat is moderately wounded.
The bat closely misses you. You furiously retaliate!
You headbutt the bat.
The kobold hits you with a +0 short sword.
The gnoll barely misses you. The gnoll hits you with a +0 flail.
The kobold closely misses you. You furiously retaliate!
You headbutt the kobold, but do no damage.
The gnoll hits you but does no damage. The gnoll barely misses you.
847 ||| STAIRDANCE The bat closely misses you.
The gnoll hits you from afar with a +0 spear! x2
The kobold hits you with a +0 short sword.
The gnoll hits you with a +0 flail.
You climb upwards.
There is a stone staircase leading down here.
You shoot a sling bullet.
The sling bullet barely misses the gnoll.
The gnoll misses you. The kobold completely misses you.
You furiously retaliate!
You headbutt the kobold!
You kill the kobold!
You shoot a sling bullet. The sling bullet hits the gnoll.
The gnoll is moderately wounded.
The gnoll misses you.
You shoot a sling bullet.
The sling bullet barely misses the gnoll.
The gnoll hits you with a +0 flail!
You die...

#....# #......#
#.###.###.# #....#
#......# #.#.#.# #.#
#....####......# #.#...#
#.# #....##........#####
#.#######.#
.....##.####.#.....#
#.......%.# #######.#
#.#.....##############
.....##.# #.#.....'....#
..#.###.####.#.....####.#
...........)...g@.## #.#
#.#.########.###).## #?#
#.#.# #.......# #.# #...#
#.......# #.# #####
##......# #.# # #......#
#.# # #......# #.# #
#......# #.# # ####'###
#.#


You could see a gnoll.

Vanquished Creatures
  4 bats (D:1)
  3 endoplasms (D:1)
  A giant cockroach (D:1)
  4 goblins (D:1)
  3 hobgoblins (D:1)
  2 kobolds (D:1)
  4 quokkas (D:1)
  4 ball pythons (D:1)
  A frilled lizard (D:1)
  A rat (D:1)
27 creatures vanquished.

Notes
Turn   | Place    | Note
-------+----------+-------------------------------------------
     0 | D:1      | qw the Minotaur Hexslinger began the quest for the Orb.
     0 | D:1      | Reached XP level 1. HP: 16/16 MP: 1/1
     0 | D:1      | 0 ||| qw: Version: 0.3-a-52-g30416fa
     0 | D:1      | 0 ||| qw: Game counter: 7191
     0 | D:1      | 0 ||| qw: Melee chars always use a shield: true
     0 | D:1      | 0 ||| qw: God list: Okawaru
     0 | D:1      | 0 ||| qw: Allow faded altars: false
     0 | D:1      | 0 ||| qw: Do Orc after clearing Dungeon:15 true
     0 | D:1      | 0 ||| qw: Do second Lair branch before Depths: true
     0 | D:1      | 0 ||| qw: Lair rune preference: random
     0 | D:1      | 0 ||| qw: Goals: Normal
     0 | D:1      | 0 ||| PLANNING D:1-11
   173 | D:1      | HP: 4/16 [quokka (3)]
   234 | D:1      | Reached skill level 3 in Ranged Weapons
   234 | D:1      | Reached XP level 2. HP: 23/23 MP: 2/2
   631 | D:1      | Reached XP level 3. HP: 29/29 MP: 3/3
   827 | D:1      | 827 ||| READING scroll labelled PENKUSCH GOMP.
   828 | D:1      | 828 ||| READING scroll labelled GEALLE VOCAMM.
   829 | D:1      | 829 ||| READING scroll labelled HINITA ZIKYUGG.
   830 | D:1      | 830 ||| DROPPING scroll of poison.
   847 | D:2      | 847 ||| STAIRDANCE
   847 | D:2      | HP: 7/29 [gnoll/+0 spear (7)]
   847 | D:2      | HP: 1/29 [gnoll/+0 flail (4)]
   851 | D:1      | Mangled by a gnoll

Levels and vault maps discovered:
D:1:      lightli_arrival_statuegarden, layout_basic,
          kennysheep_decorative_pillar
D:2:      layout_rooms, dreamdust_wishing_well

Skill      XL: |  1  2 |
---------------+-------+-----
Ranged Weapons | 3 |  3.7
Fighting       | 2 |  2.0
Dodging        | |  2.1
Spellcasting   | |  1.0
Hexes          | |  2.0

Action                     || total
---------------------------++-------
   Fire: Sling             ||    94
    Use: Scroll            ||     3
 Armour: Robe              ||    10
  Dodge: Dodged            ||    37

Table legend:
 A = Non-vault XP
 B = Vault XP
 C = Vault XP percentage of total XP
 D = Non-vault monster count
 E = Vault monster count
 F = Vault count percentage of total count
                 A         B        C        D         E       F
            +---------+---------+-------+---------+---------+-------
      Total |      49 |       0 |   0.0 |      27 |       0 |   0.0
            +---------+---------+-------+---------+---------+-------
        D:1 |      49 |       0 |   0.0 |      27 |       0 |   0.0
            +---------+---------+-------+---------+---------+-------
